 Dungeon Crawl Stone Soup version 0.21.1-1-g345015f (webtiles) character file.

44 EuclidGuy the Grave Robber (level 3, -10/19 HPs)
             Began as a Deep Elf Necromancer on July 8, 2018.
             Mangled by an iguana (11 damage)
             ... on level 2 of the Dungeon.
             The game lasted 00:06:12 (1672 turns).

EuclidGuy the Grave Robber (Deep Elf Necromancer)   Turns: 1672, Time: 00:06:13

Health: -10/19     AC:  2    Str:  5    XL:     3   Next: 41%
Magic:  3/10       EV: 13    Int: 20    God:
Gold:   96         SH:  0    Dex: 15    Spells: 8/9 levels left

rFire    . . .     SeeInvis .   (no weapon)
rCold    . . .     Gourm    +   (no shield)
rNeg     . . .     Faith    .   a - +0 robe
rPois    .         Spirit   .   (no helmet)
rElec    .         Reflect  .   (no cloak)
rCorr    .         Harm     .   (no gloves)
MR       .....                  (no boots)
Stlth    ++........             g - amulet of the gourmand
HPRegen  0.06/turn              (no ring)
MPRegen  0.12/turn              (no ring)

@: no status effects
A: no striking features
a: no special abilities


You were on level 2 of the Dungeon.
You were not hungry.

You visited 1 branch of the dungeon, and saw 2 of its levels.

You collected 96 gold pieces.

Inventory:

Hand Weapons
 i - a +0 dagger
Missiles
 h - 10 bolts
Armour
 a - a +0 robe (worn)
Jewellery
 g - an amulet of the gourmand (around neck)
 k - an uncursed ring of ice {unknown}
Scrolls
 e - a scroll of blinking {unknown}
 j - a scroll of remove curse {unknown}
 l - a scroll of identify {unknown}
 m - 3 scrolls of fog {unknown}
 n - 2 scrolls of teleportation {unknown}
 q - a scroll of magic mapping {unknown}
Potions
 d - 2 potions of curing {unknown}
 f - a potion of lignification {unknown}
 o - 2 potions of agility {unknown}
 p - 2 potions of degeneration {unknown}
Books
 b - a book of Necromancy

   Spells                             Type                      Level
   a - Pain                           Necromancy                   1
   b - Animate Skeleton               Necromancy                   1
   c - Vampiric Draining              Necromancy                   3
   d - Regeneration                   Charms/Necromancy            3
   e - Animate Dead                   Necromancy                   4
   f - Borgnjor's Vile Clutch         Necromancy/Earth             5
Comestibles
 c - 5 rations


   Skills:
 + Level 3.0 Dodging
 + Level 3.1 Stealth
 + Level 3.7 Spellcasting
 + Level 5.3 Necromancy


You had 8 spell levels left.
You knew the following spells:

 Your Spells              Type           Power        Failure   Level  Hunger
a - Pain                  Necr           ####         1%          1    None


Dungeon Overview and Level Annotations

Branches:
Dungeon (2/15)

Altars:


Message History

Aim: an adder (chance to defeat MR: 88%)
The adder writhes in agony!
The adder bites you.
* * * LOW HITPOINT WARNING * * *
The adder barely misses you.
Casting: Pain
Confirm with . or Enter, or press ? or * to list all spells.
Aiming: Pain
Press: ? - help, Shift-Dir - straight line, f/p - adder
Aim: an adder (heavily wounded, chance to defeat MR: 88%)
The adder writhes in agony!
You kill the adder!
Your Dodging skill increases to level 3!
Casting: Pain
Confirm with . or Enter, or press ? or * to list all spells.
Aiming: Pain
Press: ? - help, Shift-Dir - straight line, f - iguana
Aim: an iguana (chance to defeat MR: 89%)
The iguana writhes in agony!
The iguana bites you!
Ouch! That really hurt!
You die...

### #.########
#........#########
#.#...............
#.####............
#.# #.###########
#@# #.# #..... #l#
#.# #.....
#.......##.#
#.....
..>.......##.#
#.....
..........##.#
####.....
..........#
.........
#+#........
.........
..........
.........
.######.####
#########


You could see an iguana.

Vanquished Creatures
  2 adders (D:2)
  A worm (D:2)
  A leopard gecko (D:1)
  A giant cockroach (D:1)
  2 goblins (D:1)
  6 hobgoblins
  5 bats (D:1)
  3 frilled lizards
  2 rats (D:1)
23 creatures vanquished.

Notes
Turn   | Place    | Note
-------+----------+-------------------------------------------
     0 | D:1      | EuclidGuy the Deep Elf Necromancer began the quest for the Orb.
     0 | D:1      | Reached XP level 1. HP: 10/10 MP: 6/6
    68 | D:1      | Reached skill level 5 in Necromancy
   541 | D:1      | Reached XP level 2. HP: 15/15 MP: 6/8
  1669 | D:2      | Reached XP level 3. HP: 5/19 MP: 6/10
  1672 | D:2      | Mangled by an iguana

Skill      XL: |  1  2  3 |
---------------+----------+-----
Necromancy     | 5 |  5.3
Stealth        | 3 |  3.1
Dodging        | 3 |  3.0
Spellcasting   | |  3.7

Action                   || total
-------------------------++-------
 Cast: Pain              ||    43
  Eat: Chunk             ||     7
Armor: Robe              ||     1
Dodge: Dodged            ||     5
